 Dungeon Crawl Stone Soup version 0.30-a0-782-ge64f9170bb (webtiles) character file.

Game seed: 14763532741220364421

3097 mistaj the Grappler (level 9, -8/97 HPs)
             Began as a Troll Monk on Feb 18, 2023.
             Was an Initiate of Gozag.
             Mangled by a gnoll
             ... wielding a +0 halberd
             ... led by a gnoll bouda
              (10 damage)
             ... on level 7 of the Dungeon.
             The game lasted 00:11:24 (6478 turns).

mistaj the Grappler (Troll Monk)                    Turns: 6478, Time: 00:11:24

Health: -8/97      AC:  8    Str: 23    XL:     9   Next: 59%
Magic:  8/8        EV:  8    Int:  8    God:    Gozag
Gold:   445        SH:  6    Dex: 12    Spells: 8/8 levels left

rFire   + . .      SeeInvis .      - Unarmed
rCold   + . .      Faith    .    x - +0 kite shield
rNeg    . . .      Spirit   .    C - +1 robe {rC+ rF+}
rPois   +          Reflect  .    (helmet restricted)
rElec   .          Harm     .    F - +2 cloak
rCorr   +          Rampage  .    (gloves unavailable)
Will    .....                    (boots unavailable)
Stlth   ++                       (no amulet)
HPRegen 1.16/turn                f - ring of resist corrosion
MPRegen 0.11/turn                s - ring of poison resistance

@: gold aura
A: large, unfitting armour, claws 3, regeneration 1, shaggy fur 1, tough skin 1
a: Renounce Religion, Potion Petition, Call Merchant, Bribe Branch


You were on level 7 of the Dungeon.
You worshipped Gozag.
Gozag was aware of your devotion.
You visited 2 branches of the dungeon, and saw 8 of its levels.
You also visited: Sewer.

You collected 445 gold pieces.

Inventory:

Hand Weapons
 D - a +2 quarterstaff of speed
 E - a +0 whip of electrocution
Missiles
 v - a throwing net (quivered)
Armour
 o - the +2 robe "Buqaapre" {rN+ Int+3}
   (You found it on level 3 of the Dungeon)

   Int:       It affects your intelligence (+3).
   rN:        It protects you from negative energy.
 x - a +0 kite shield (worn)
 C - a +1 robe of resistance (worn)
 F - a +2 cloak (worn)
Jewellery
 f - a ring of resist corrosion (left claw)
 s - a ring of poison resistance (right claw)
Wands
 r - a wand of roots (12)
Scrolls
 e - 3 scrolls of enchant weapon
 i - 2 scrolls of teleportation
 l - 3 scrolls of vulnerability
 m - a scroll of immolation
 t - a scroll of fog {unknown}
 y - 3 scrolls of identify
 A - a scroll of poison
 G - a scroll of noise {unknown}
 H - a scroll of blinking
Potions
 a - a potion of flight
 b - a potion of ambrosia
 c - a potion of heal wounds {unknown}
 d - 2 potions of cancellation {unknown}
 g - 3 potions of berserk rage
 h - 5 potions of attraction
 j - a potion of might {unknown}
 k - 2 potions of resistance {unknown}
 n - 3 potions of haste {unknown}
 p - 2 potions of brilliance {unknown}
 q - 3 potions of mutation {unknown}
 u - a potion of magic {unknown}
 w - 3 potions of curing {unknown}
 z - a potion of invisibility {unknown}
 B - a potion of degeneration {unknown}


   Skills:
 + Level 8.4 Fighting
 - Level 2.4 Dodging
 - Level 1.0 Stealth
 + Level 10.0 Unarmed Combat


You had 8 spell levels left.
You didn't know any spells.
Your spell library contained the following spells:

 Spells                   Type           Power      Damage    Failure   Level
 Kiss of Death            Conj/Necr      0%         2d5       75%         1
 Blink                    Tloc           0%         N/A       87%         2
 Sublimation of Blood     Necr           0%         N/A       87%         2
 Wereblood                Tmut           0%         N/A       87%         2
 Confusing Touch          Hex            0%         N/A       98%         3
 Dazzling Flash           Conj/Hex       0%         N/A       98%         3
 Dispel Undead            Necr           0%         3d6       100%        4
 Manifold Assault         Tloc           0%         N/A       100%        4
 Agony                    Necr           0%         N/A       100%        5
 Silence                  Hex/Air        0%         N/A       100%        5
 Storm Form               Tmut/Air       0%         N/A       100%        7
 Summon Hydra             Summ           0%         N/A       100%        7
 Borgnjor's Revivificati  Necr           0%         N/A       100%        8
 Necromutation            Tmut/Necr      0%         N/A       100%        8
 Death's Door             Necr           0%         N/A       100%        9


Dungeon Overview and Level Annotations

Branches:
Dungeon (7/15)             Temple (1/1) D:5           Sewer (visited)

Altars:
Ashenzari
Cheibriados
Dithmenos
Elyvilon
Fedhas
Gozag
Hepliaklqana
Kikubaaqudgha
Makhleb
Nemelex Xobeh
Okawaru
Qazlal
Ru
Sif Muna
Trog
Uskayaw
Vehumet
Wu Jian
Xom
Yredelemnul
Zin
The Shining One


Innate Abilities, Weirdness & Mutations

You are too large for most types of armour.
You have claws for hands.
Your natural rate of healing is unusually fast.
You are covered in fur. (AC +1)
You have tough skin. (AC +1)


Message History

* * * LOW HITPOINT WARNING * * *
The gnoll hits you but does no damage.
You completely miss the gnoll.
The gnoll is moderately wounded.
The gnoll hits you but does no damage. The gnoll hits you with a +0 spear!
* * * LOW HITPOINT WARNING * * *
You mangle the gnoll!!
You kill the gnoll!
The gnoll hits you from afar with a +0 halberd.
* * * LOW HITPOINT WARNING * * *
The gnoll bouda is distracted by your dazzling golden aura.
The gnoll bouda shouts!
The gnoll bouda attacks as you move away!
The gnoll bouda hits you with a +0 whip.
* * * LOW HITPOINT WARNING * * *
The gnoll barely misses you.
Things that are here:
5 gold pieces; a +0 spear The gnoll barely misses you.
You claw the gnoll bouda!
The gnoll bouda is no longer distracted by gold.
The gnoll bouda is heavily wounded.
The gnoll hits you from afar with a +0 halberd.
* * * LOW HITPOINT WARNING * * *
You block the gnoll bouda's attack.
You closely miss the gnoll bouda.
The gnoll bouda is heavily wounded.
The gnoll hits you but does no damage.
The gnoll bouda barks out a call to the hunt!
The gnoll picks up the pace!
You barely miss the gnoll bouda.
The gnoll bouda is heavily wounded.
The gnoll hits you from afar with a +0 halberd!
* * * LOW HITPOINT WARNING * * *
The gnoll bouda hits you but does no damage.
You claw the gnoll bouda!
You kill the gnoll bouda!
The gnoll hits you from afar with a +0 halberd!
You die...
Your body crumbles into a pile of gold.

#..# ##### #
#...##...## #
###..##....###
#.........#.## ####
#.......##..# ##..##
#............
#....#####......>.#..
#....#.##.........#..
##$@$.##...#.#......
#...#....#####......
###g##..### ##...##
#....###.# #°☼○#
##....##.# #☼§§#
#.##..#.# #..§#
####....#####...#
###..(..§.?...
#...°§§.....§


You could see a gnoll (swift).

Vanquished Creatures
  Pikel (D:6)
  Joseph (D:7)
  Prince Ribbit (D:7)
  Sigmund (D:4)
  A water moccasin (D:7)
  A black bear (D:5)
  An ice beast (D:7)
  A centaur (D:6)
  3 lemures (D:7)
  A kobold brigand (Sewer)
  Blork the orc (D:5)
  3 bullfrogs
  2 gnoll sergeants
  2 necrophages
  4 scorpions
  4 jellies
  2 hounds
  An orc priest (D:6)
  2 gnoll boudas (D:7)
  5 orc wizards
  16 gnolls
  9 adders
  7 river rats (Sewer)
  3 shadow imps
  An ufetubus (D:4)
  A worm (D:2)
  5 dart slugs
  17 orcs
  6 endoplasms
  8 giant cockroaches
  4 hobgoblins
  2 jackals (D:5)
  18 kobolds
  7 quokkas
  17 ball pythons
  8 bats
  A frilled lizard (Sewer)
  8 goblins
  24 rats
200 creatures vanquished.

Notes
Turn   | Place    | Note
-------+----------+-------------------------------------------
     0 | D:1      | mistaj the Troll Monk began the quest for the Orb.
     0 | D:1      | Reached XP level 1. HP: 22/22 MP: 0/0
   232 | D:1      | Reached XP level 2. HP: 25/29 MP: 1/1
   739 | D:2      | Reached XP level 3. HP: 37/37 MP: 2/2
   890 | D:2      | Reached skill level 4 in Unarmed Combat
   944 | D:2      | Reached XP level 4. HP: 45/45 MP: 3/3
  1364 | D:2      | Found a faded altar of an unknown god.
  1721 | D:3      | Identified the +2 robe "Buqaapre" {rN+ Int+3}
  1753 | D:3      | Noticed an orc warrior
  1996 | D:3      | Found a shadowy altar of Dithmenos.
  2613 | D:4      | Noticed Sigmund
  2626 | D:4      | Killed Sigmund
  2627 | D:4      | Reached skill level 5 in Unarmed Combat
  2627 | D:4      | Reached XP level 5. HP: 55/55 MP: 4/4
  2627 | D:4      | Reached XP level 6. HP: 63/63 MP: 5/5
  3144 | D:4      | Found an ornate altar of the Wu Jian Council.
  3408 | D:5      | Entered Level 5 of the Dungeon
  3419 | D:5      | Reached skill level 5 in Fighting
  3419 | D:5      | Reached skill level 6 in Unarmed Combat
  3425 | D:5      | Reached XP level 7. HP: 56/72 MP: 6/6
  3580 | D:5      | Found a glowing drain.
  3604 | Sewer    | Entered a sewer
  4348 | D:5      | Reached skill level 7 in Unarmed Combat
  4381 | D:5      | Reached XP level 8. HP: 61/83 MP: 7/7
  4549 | D:5      | Found a staircase to the Ecumenical Temple.
  4549 | D:5      | Noticed Blork the orc
  4559 | D:5      | Killed Blork the orc
  4575 | Temple   | Entered the Ecumenical Temple
  4718 | Temple   | Became a worshipper of Gozag Ym Sagoz the Greedy
  5336 | D:6      | Reached skill level 8 in Unarmed Combat
  5879 | D:7      | Identified the +5 scale mail of a wizard's laboratory
                  | {-Cast rElec rF+}
  5879 | D:7      | Noticed Pikel
  5896 | D:7      | Noticed Joseph
  5980 | D:7      | Killed Joseph
  5981 | D:7      | Reached skill level 9 in Unarmed Combat
  5981 | D:7      | Reached XP level 9. HP: 11/93 MP: 8/8
  6082 | D:6      | Killed Pikel
  6172 | D:7      | Found a stormy altar of Qazlal.
  6172 | D:7      | Found an ancient bone altar of Kikubaaqudgha.
  6279 | D:7      | Noticed Prince Ribbit
  6288 | D:7      | Killed Prince Ribbit
  6399 | D:7      | Reached skill level 10 in Unarmed Combat
  6435 | D:7      | HP: 3/97 [gnoll/+0 halberd[a gnoll bouda] (4)]
  6477 | D:7      | HP: 1/97 [gnoll/+0 halberd[a gnoll bouda] (11)]
  6478 | D:7      | Mangled by a gnoll

Illustrated notes

Levels and vault maps discovered:
D:1:      sevenhm_arrival_forest_fort_small_3, layout_basic
D:2:      layout_loops_ring, hellmonk_ecumenical_altar_defaced_shrine,
          kennysheep_doodads
D:3:      layout_loops_corners, grunt_dithmenos_smoke_and_mirrors,
          nicolae_concentric_dashed_squares_wild
D:4:      layout_loops_ring, pf_just_have_faith, roderic_lattice_a, uniq_sigmund
D:5:      layout_cave_pools, minmay_temple_entry_arrows, gup_sewer_entry_pipe,
          uniq_blork_the_orc
D:6:      layout_basic, minmay_door_square, kennysheep_generic_room_13
D:7:      layout_cave_pools, gammafunk_temple_overflow_pools,
          lemuel_flame_loot_1, uniq_joseph, uniq_pikel, uniq_prince_ribbit1
Temple:   nicolae_temple_two_arcs

Skill      XL: |  1  2  3  4  5  6  7  8  9 |
---------------+----------------------------+-----
Fighting       | 3 4 5 6 7 8 |  8.4
Unarmed Combat | 4 5 6 7 9 10 | 10.0
Dodging        | |  2.4
Stealth        | |  1.0

Action                     |  1- 3 |  4- 6 |  7- 9 || total
---------------------------+-------+-------+-------++-------
  Melee: Unarmed           |    77 |   148 |   325 ||   550
         Punch             |     1 |     5 |     6 ||    12
    Use: Scroll            |       |       |    12 ||    12
   Stab: Sleeping          |     1 |     6 |     3 ||    10
 Armour: Robe              |    23 |    51 |   119 ||   193
  Dodge: Dodged            |    33 |    60 |   176 ||   269
  Block: Kite shield       |       |       |    73 ||    73

Table legend: (Time is in decaauts)
 A = Elapsed time spent in this place.
 B = Non-inter-level travel time spent in this place.
 C = Inter-level travel time spent in this place.
 D = Time resting spent in this place.
 E = Time spent auto-exploring this place.
 F = Levels seen in this place.
 G = Mean time per level.
                   A        B        C        D        E       F      G
               +--------+--------+--------+--------+--------+-----+--------+
         Total |   6439 |   6225 |    214 |    561 |   3869 |   9 |  715.4 |
       Dungeon |   5733 |   5528 |    205 |    561 |   3460 |   7 |  819.0 |
        Temple |    153 |    144 |      9 |      0 |    119 |   1 |  153.0 |
         Sewer |    552 |    552 |      0 |      0 |    290 |   1 |  552.0 |
               +--------+--------+--------+--------+--------+-----+--------+

Top non-repeatable levels by time:
     D:3: 1037 daAuts
     D:4: 924 daAuts
     D:6: 854 daAuts
     D:2: 815 daAuts
     D:5: 797 daAuts
     D:1: 724 daAuts
     D:7: 579 daAuts
   Sewer: 552 daAuts
  Temple: 153 daAuts
